Map: Snowbound Colony

Players

Throwfordays

  • Race: Protoss Protoss
  • League: Silver
  • Spawn Location: 6:00

Faust

  • Race: Zerg Zerg
  • League: Diamond
  • Spawn Location: 7:00

Cthulhu

  • Race: Zerg Zerg
  • Spawn Location: 7:00

Exodus

  • Race: Zerg Zerg
  • Spawn Location: 1:00

Dreamwalker

  • Race: Protoss Protoss
  • League: Diamond
  • Spawn Location: 1:00

Underling

  • Race: Zerg Zerg
  • Spawn Location: 12:00

VOD

Have the link to the VOD?

Description

Time

  • Played on: March 26, 2019, 11:12 p.m.
  • Length: 8:33
Show
View Real Time Build Order
Export as new Build Order

Throwfordays Protoss 

Build Orders: Cannon Rush 

Get SALT Encoding   

  12  0:00  Probe  
  13  0:13  Probe  
  14  0:22  Pylon  
  14  0:25  Probe  
  15  0:40  Probe  
  15  0:42  Forge  
  16  0:53  Pylon  
  16  1:17  Gateway  
  16  1:23  Photon Cannon  
  16  1:28  Gateway  
  16  1:41  Photon Cannon  
  16  1:44  Photon Cannon  
  16  1:59  Photon Cannon  
  16  2:03  Pylon  
  16  2:10  Probe  
  16  2:14  Assimilator  
  18  2:22  Probe  
  18  2:35  Probe  
  19  2:37  Cybernetics Core  
  19  2:47  Probe  
  20  3:00  Nexus  
  20  3:07  Pylon  
  20  3:13  Warp Gate  
  20  3:19  Assimilator  
  20  3:32  Pylon  
  20  3:50  Photon Cannon  
  20  3:53  Photon Cannon  
  20  3:56  Photon Cannon  
  20  4:03  Probe  
  20  4:08  Probe  
  21  4:15  Probe  
  21  4:16  Probe  
  24  4:26  Probe  
  24  4:27  Probe  
  26  4:39  Probe  
  27  4:47  Photon Cannon  
  27  4:49  Photon Cannon  
  27  4:51  Photon Cannon, Probe  
  28  5:03  Probe  
  27  5:15  Probe  
  27  5:22  Photon Cannon  
  26  5:41  Robotics Facility  
  26  5:45  Gateway  
  26  6:21  Stargate  
  26  6:29  Observer  
  27  6:35  Probe  
  27  6:38  Photon Cannon  
  28  6:42  Photon Cannon  
  28  6:45  Photon Cannon  
  28  6:47  Probe  
  28  6:48  Photon Cannon  
  28  6:50  Observer  
  30  6:59  Probe  
  30  7:00  Nexus  
  31  7:03  Pylon  
  31  7:11  Probe  
  31  7:12  Pylon  
  32  7:22  Pylon  
  32  7:23  Probe  
  32  7:25  Assimilator  
  33  7:30  Assimilator  
  33  7:35  Probe  
  34  7:40  Zealot  
  36  7:48  Probe  
  36  7:49  Probe  
  37  7:57  Probe  
  38  7:59  Probe  
  38  8:04  Zealot  
  46  8:07  Probe x2  
  48  8:15  Probe  
  48  8:16  Pylon  
  48  8:17  Probe  
  49  8:25  Assimilator  
  50  8:29  Assimilator  
Show
View Real Time Build Order
Export as new Build Order

Faust Zerg 

Build Orders: Pool First 

Get SALT Encoding   

  12  0:02  Drone  
  13  0:08  Drone  
  14  0:17  Extractor  
  14  0:18  Drone  
  15  0:23  Overlord  
  15  0:41  Drone  
  15  0:42  Drone  
  17  0:57  Spawning Pool  
  16  1:10  Hatchery  
  15  1:12  Drone  
  15  1:16  Drone  
  17  1:19  Drone  
  17  1:22  Extractor  
  17  1:33  Drone  
  17  1:36  Drone  
  19  1:50  Drone  
  19  1:52  Queen  
  22  2:11  Overlord  
  22  2:27  Hatchery  
  21  2:32  Queen  
  21  2:33  Drone x2  
  21  2:34  Drone  
  26  2:37  Metabolic Boost  
  26  2:43  Drone  
  27  2:45  Drone  
  27  2:51  Drone  
  29  2:52  Drone  
  29  2:57  Overlord  
  30  3:06  Lair  
  30  3:17  Drone  
  30  3:18  Extractor, Drone x3  
  33  3:22  Drone  
  33  3:25  Drone  
  35  3:31  Drone x3  
  38  3:38  Drone x2  
  40  3:42  Extractor  
  40  3:43  Extractor  
  40  3:45  Queen  
  40  3:49  Drone x2  
  40  3:52  Drone  
  40  3:55  Drone  
  44  4:03  Drone  
  44  4:04  Drone x5  
  50  4:14  Overlord  
  50  4:17  Overlord  
  50  4:28  Extractor  
  50  4:29  Extractor  
  48  4:34  Drone x2  
  48  4:35  Drone x4  
  54  4:40  Spire  
  54  4:43  Zergling x2  
  54  4:44  Zergling x8  
  58  4:55  Zergling x4  
  58  4:56  Zergling x10  
  65  5:00  Drone  
  63  5:26  Spore Crawler  
  62  5:29  Overseer  
  60  5:36  Zergling x16  
  60  5:38  Queen  
  60  5:42  Queen  
  63  5:45  Zergling x10  
  51  5:54  Baneling Nest  
  45  5:57  Queen, Drone  
  45  5:58  Drone  
  41  6:20  Mutalisk x5  
  41  6:21  Mutalisk x4  
  41  6:24  Drone x2  
  54  6:32  Mutalisk  
  43  6:44  Zergling x2  
  29  7:03  Drone  
  29  7:04  Drone x2  
  25  8:15  Drone x3  
Show
View Real Time Build Order
Export as new Build Order

Cthulhu Zerg 

Build Orders: Hatch First 

Get SALT Encoding   

  12  0:02  Drone  
  13  0:10  Drone  
  14  0:17  Extractor, Drone  
  15  0:33  Overlord  
  15  0:55  Hatchery  
  14  0:57  Drone  
  14  0:58  Drone  
  14  0:59  Drone  
  17  1:12  Drone  
  18  1:25  Drone  
  18  1:30  Spawning Pool  
  18  1:32  Extractor  
  17  2:04  Drone x3  
  20  2:13  Drone  
  21  2:16  Drone  
  22  2:25  Drone  
  23  2:34  Overlord  
  23  2:35  Drone  
  24  2:38  Extractor  
  23  2:44  Extractor  
  23  2:47  Extractor  
  23  2:49  Drone  
  23  2:50  Overlord  
  22  2:52  Queen  
  22  2:56  Lair  
  24  3:08  Drone x4  
  28  3:41  Roach Warren  
  27  3:42  Drone  
  27  3:43  Drone x5  
  33  4:00  Drone x2  
  35  4:27  Roach x4  
  35  4:31  Overlord x2  
  43  4:33  Glial Reconstitution  
  43  4:37  Burrow  
  43  4:40  Hydralisk Den  
  42  4:47  Spine Crawler  
  42  4:48  Spine Crawler  
  42  4:51  Spine Crawler x2  
  38  4:59  Roach x5  
  35  5:10  Queen  
  28  5:29  Overseer  
  9  6:00  Roach x4  
  10  6:35  Drone  
  10  6:36  Drone x2  
  8  7:10  Drone  
  9  7:16  Drone  
  9  7:24  Drone x3  
  9  7:27  Drone x3  
  7  7:55  Drone  
  7  7:56  Drone  
Show
View Real Time Build Order
Export as new Build Order

Exodus Zerg 

Build Orders: Hatch First 

Get SALT Encoding   

  12  0:03  Drone  
  13  0:11  Drone  
  14  0:17  Overlord  
  14  0:35  Drone  
  14  0:36  Drone  
  16  0:53  Hatchery  
  15  0:58  Drone  
  15  0:59  Drone  
  15  1:02  Drone  
  18  1:09  Extractor  
  17  1:27  Spawning Pool  
  17  1:30  Drone x2  
  18  1:38  Extractor  
  17  1:46  Drone x2  
  19  1:54  Drone  
  20  2:09  Drone  
  21  2:16  Drone x2  
  21  2:17  Queen  
  21  2:18  Queen  
  26  2:47  Drone x2  
  26  2:48  Overlord  
  26  2:49  Overlord  
  26  2:51  Metabolic Boost  
  28  2:58  Lair  
  28  3:07  Drone x2  
  30  3:19  Drone  
  31  3:20  Drone x3  
  34  3:55  Drone  
  34  3:56  Drone x8  
  34  3:58  Extractor  
  34  3:59  Extractor  
  41  4:15  Hatchery  
  40  4:34  Overlord  
  40  4:35  Overlord  
  40  4:39  Drone  
  40  4:40  Drone x3  
  40  4:43  Overlord  
  44  5:01  Drone x4  
  48  5:16  Spire  
  48  5:17  Spire  
  46  5:24  Infestation Pit  
  46  5:26  Drone x7  
  46  5:27  Queen  
  54  5:32  Queen  
  56  5:36  Drone x2  
  56  5:37  Drone x2  
  60  5:54  Overlord x2  
  60  5:55  Overlord x5  
  60  6:02  Hive  
  60  6:18  Drone  
  60  6:19  Drone x9  
  60  6:22  Extractor x2  
  68  6:37  Zerg Flyer Weapons Level 1, Zerg Flyer Armor Level 1  
  68  6:55  Mutalisk x11  
  68  6:58  Mutalisk  
  68  7:00  Mutalisk  
  94  7:11  Mutalisk x2  
  94  7:12  Mutalisk  
  100  7:15  Spore Crawler  
  100  7:18  Spore Crawler  
  98  7:23  Spore Crawler  
  98  7:26  Overlord  
  97  7:30  Drone x4  
  97  7:31  Drone x2  
  97  7:32  Overlord x2  
  97  7:36  Mutalisk  
  103  7:37  Mutalisk  
  107  7:57  Mutalisk  
  107  7:58  Mutalisk x5  
Show
View Real Time Build Order
Export as new Build Order

Dreamwalker Protoss 

Build Orders: Zealot Archon, Dark Templar Rush 

Get SALT Encoding   

  12  0:01  Probe  
  13  0:15  Pylon  
  13  0:33  Gateway  
  13  0:37  Assimilator  
  13  0:38  Probe  
  14  0:52  Assimilator, Probe  
  15  1:05  Probe  
  16  1:48  Probe  
  16  1:53  Cybernetics Core  
  17  1:56  Probe  
  18  2:05  Probe  
  19  2:08  Pylon  
  19  2:18  Probe  
  20  2:30  Probe  
  20  2:31  Warp Gate  
  21  2:42  Probe  
  21  2:43  Pylon  
  22  2:50  Twilight Council  
  22  2:54  Pylon  
  22  3:13  Gateway  
  22  3:14  Gateway  
  22  3:36  Dark Shrine  
  22  3:52  Gateway  
  22  3:55  Pylon  
  22  4:20  Nexus  
  22  4:31  Probe  
  22  4:36  Charge  
  23  4:49  Dark Templar x4  
  27  5:53  Pylon  
  27  5:54  Assimilator  
  27  5:58  Assimilator  
  27  6:10  Forge  
  27  6:11  Nexus  
  27  6:14  Assimilator  
  25  6:19  Assimilator  
  25  6:23  Pylon  
  25  6:26  Pylon  
  23  6:45  Photon Cannon  
  23  6:48  Dark Templar  
  23  6:49  Pylon  
  23  6:50  Dark Templar x3  
  31  6:55  Probe  
  31  7:00  Probe  
  33  7:02  Archon  
  33  7:06  Probe  
  33  7:08  Archon  
  33  7:12  Probe  
  35  7:18  Probe  
  36  7:24  Probe x2  
  38  7:32  Probe  
  39  7:38  Photon Cannon  
  39  7:42  Probe  
  40  7:51  Dark Templar  
  40  7:52  Dark Templar  
  40  7:54  Stalker, Probe  
  40  7:56  Archon  
  40  8:06  Probe  
  35  8:15  Photon Cannon  
  35  8:18  Photon Cannon  
  35  8:25  Photon Cannon  
  36  8:30  Photon Cannon  
Show
View Real Time Build Order
Export as new Build Order

Underling Zerg 

Build Orders: Hatch First, Zergling Baneling 

Get SALT Encoding   

  12  0:00  Drone  
  13  0:11  Drone  
  14  0:17  Overlord  
  14  0:31  Extractor, Drone  
  15  0:36  Drone x2  
  17  0:56  Hatchery  
  16  0:59  Drone  
  16  1:02  Drone  
  18  1:10  Extractor  
  17  1:19  Spawning Pool  
  17  1:23  Drone  
  17  1:26  Drone  
  17  1:29  Drone  
  19  1:37  Drone  
  20  1:52  Overlord  
  20  2:09  Queen x2  
  20  2:13  Metabolic Boost  
  20  2:15  Zergling x2  
  25  2:18  Drone  
  25  2:19  Drone  
  27  2:23  Drone  
  27  2:26  Drone  
  29  2:35  Baneling Nest  
  28  2:48  Overlord  
  28  2:50  Drone x3  
  30  3:00  Zergling x4  
  30  3:04  Zergling x2  
  30  3:05  Zergling x2  
  34  3:12  Overlord  
  34  3:20  Zergling x14  
  41  3:33  Overlord  
  41  3:36  Zergling x2  
  42  3:41  Zergling x2  
  42  3:42  Zergling x2  
  44  3:51  Zergling x14  
  50  4:04  Baneling x4  
  50  4:05  Baneling x6  
  50  4:10  Overlord  
  50  4:12  Zergling x4  
  52  4:25  Zergling x14  
  49  4:47  Zergling x10  
  52  5:11  Zergling x12  
  51  5:34  Zergling x20  
  58  5:37  Baneling x10  
  56  5:47  Zergling x4  
  57  6:01  Zergling x16  
  64  6:13  Zergling x4  
  66  6:31  Zergling x8  
  63  6:46  Overlord x3  
  63  6:47  Overlord x3  
  46  7:06  Zergling x2  
  46  7:07  Zergling x14  
  45  7:12  Spore Crawler  
  45  7:14  Spore Crawler  
  42  7:20  Zergling x4  
  38  7:38  Drone x2  
  39  7:45  Spore Crawler  
  39  7:48  Spore Crawler, Drone x8  
  39  7:49  Hatchery  
  42  7:58  Drone  
  42  8:03  Extractor  
  40  8:14  Drone x3  
  43  8:30  Extractor  
Tags
 
Add a new tag
Caveats
  • Supply blocks, unpowered buildings, or Contaminate may cause inaccurate times.
  • Supply counts are checked every 10 seconds.